 Dungeon Crawl Stone Soup version 0.24.0-10-g970556be89 (webtiles) character file.

Game seed: 13091079290035217967, levelgen mode: deterministic

2088 Jannitor the Shield-Bearer (level 9, 0/56 HPs)
             Began as a Gargoyle Fighter on Nov 2, 2019.
             Was a High Priest of Zin.
             Splashed by a jelly's acid (5 damage)
             ... on level 8 of the Dungeon on Nov 3, 2019.
             The game lasted 00:11:17 (5846 turns).

Jannitor the Shield-Bearer (Gargoyle Fighter)       Turns: 5846, Time: 00:11:17

Health: 0/56       AC: 20    Str: 21    XL:     9   Next: 27%
Magic:  12/12      EV:  8    Int:  9    God:    Zin [*****.]
Gold:   226        SH: 11    Dex: 11    Spells: 8/8 levels left

rFire    . . .     SeeInvis .   w - +2 flail (protect)
rCold    . . .     Gourm    .   c - +1 shield
rNeg     + . .     Faith    .   k - +0 chain mail {rPois}
rPois    ∞         Spirit   .   (no helmet)
rElec    +         Reflect  .   v - +2 cloak
rCorr    .         Harm     .   (no gloves)
MR       .....                  (no boots)
Stlth    ..........             o - amulet of rage
HPRegen  0.18/turn              e - +2 ring of evasion
MPRegen  0.13/turn              (no ring)

@: no status effects
A: negative energy resistance 1, electricity resistance, unbreathing,
petrification resistance, rot immunity, AC +6
a: Recite, Vitalisation, Imprison, Sanctuary, Donate Gold, Renounce Religion,
Evoke Berserk Rage


You were on level 8 of the Dungeon.
You worshipped Zin.
Zin was extremely pleased with you.
You were near starving.

You visited 1 branch of the dungeon, and saw 8 of its levels.
You visited the Abyss 1 time.

You collected 599 gold pieces.
You spent 314 gold pieces at shops.
You donated 59 gold pieces to Zin.

Inventory:

Hand Weapons
 a - a +0 trident
 g - a +2 morningstar of draining
 w - a +2 flail of protection (weapon)
Armour
 b - a +0 scale mail
 c - a +1 shield (worn)
 k - a +0 chain mail of poison resistance (worn)
 v - a +2 cloak (worn)
Jewellery
 e - a +2 ring of evasion (left hand)
 i - a +3 ring of slaying {unknown}
 o - an amulet of rage (around neck)
 t - an uncursed ring of fire
Wands
 y - a wand of paralysis (11)
Scrolls
 h - a scroll of magic mapping
 j - 6 scrolls of remove curse
 p - a scroll of identify
 q - a scroll of amnesia
 z - 4 scrolls of noise
Potions
 d - 4 potions of might
 l - 5 potions of curing
 n - 2 potions of flight
 r - a potion of mutation
 u - a potion of cancellation
 B - a potion of degeneration
Comestibles
 f - 10 rations


   Skills:
 + Level 6.8 Fighting
 + Level 2.4 Maces & Flails
 - Level 4.5 Polearms
 + Level 6.8 Armour
 + Level 6.9 Shields
 + Level 4.9 Invocations


You had 8 spell levels left.
You didn't know any spells.
Your spell library was empty.

Dungeon Overview and Level Annotations

Branches:
Dungeon (8/15)             Temple (0/1) D:5
   Lair: D:8-11

Altars:
Elyvilon
Nemelex Xobeh
Sif Muna
Uskayaw
Zin

Shops:
D:4 =[=[%   D:5 *

Annotations:
D:3 2 transporters, DildoBatman's ghost, amateur FoWz


Innate Abilities, Weirdness & Mutations

You are resistant to torment.
Your stone body is resilient. (AC +6)
You are immune to poison.
You resist negative energy. (rN+)
You are resistant to electric shocks. (rElec)
You can survive without breathing.
You are immune to petrification.
You are immune to rotting.


Message History

Your surroundings suddenly seem different.
Found 7 silver boomerangs.
There's no appreciative audience!
Unknown command.
Unknown command.
Found 8 poisoned darts.
You see here 7 silver boomerangs.
Found a blackened gold wand and 13 gold pieces.
A jelly comes into view.
The jelly quivers.
The jelly hits you but does no damage.
The starcursed mass shrieks in your mind.
* * * LOW HITPOINT WARNING * * *
The starcursed mass shrieks in your mind.
* * * LOW HITPOINT WARNING * * *
You block the jelly's attack. The jelly hits you.
* * * LOW HITPOINT WARNING * * *
You are splashed with acid.
You die...

########## # #.....$/.#
#. #........###..
#........##(.# #
#.....@..##.#####.#####
#....J......(..........
#........##.###........
#.....o.X#..###........
#..........##...?......
#######....#[.#X.......
##?..........!...
#....[.<........
#...............


You could see a starcursed mass, a jelly and an orc.

Vanquished Creatures
  A smoke demon (Abyss:1)
  A vampire (Abyss:1)
  A ynoxinul (Abyss:1)
  An orc warrior (D:6)
  An ice beast (D:6)
  An ogre (D:4)
  2 phantoms
  A manticore zombie (Abyss:1)
  2 centaurs
  Blork the orc (D:6)
  2 scorpions (D:4)
  2 crimson imps
  A bullfrog zombie (D:6)
  An iron imp (Abyss:1)
  3 hounds
  A jelly (D:7)
  2 orc priests (D:6)
  2 orc wizards
  2 bullfrog skeletons
  A centaur skeleton (D:4)
  An iguana (D:4)
  2 worker ants
  Terence (D:2)
  A hound zombie (D:5)
  A hound skeleton (D:4)
  A howler monkey zombie (D:5)
  6 gnolls
  6 adders
  A shadow imp (D:7)
  6 worms
  3 dart slugs
  3 leopard geckos
  19 orcs
  3 giant cockroaches
  6 goblins
  5 hobgoblins
  2 ball pythons
  7 bats
  3 frilled lizards (D:1)
  7 kobolds
  2 quokka skeletons
  8 rats
123 creatures vanquished.

Vanquished Creatures (others)
  A quokka (D:2)
  4 toadstools (D:5)
5 creatures vanquished.

Grand Total: 128 creatures vanquished

Notes
Turn   | Place    | Note
-------+----------+-------------------------------------------
     0 | D:1      | Jannitor the Gargoyle Fighter began the quest for the Orb.
     0 | D:1      | Reached XP level 1. HP: 14/14 MP: 1/1
   137 | D:1      | Reached XP level 2. HP: 18/19 MP: 2/2
   642 | D:1      | Reached XP level 3. HP: 23/23 MP: 3/3
  1025 | D:2      | Noticed Terence
  1034 | D:2      | Killed Terence
  1061 | D:2      | Reached XP level 4. HP: 24/29 MP: 4/4
  1301 | D:2      | Found a white marble altar of Elyvilon.
  1679 | D:2      | Reached XP level 5. HP: 16/33 MP: 5/5
  1956 | D:3      | Found a transporter.
  1957 | D:3      | Noticed DildoBatman's ghost (amateur FoWz)
  1958 | D:3      | Noticed an ogre
  1963 | D:3      | Found a transporter.
  1963 | D:3      | Noticed an ogre
  1963 | D:3      | Identified the cursed +1 dire flail of Responsibility
                  | {venom, Fragile rPois rN+}
  1963 | D:3      | Noticed an ogre
  2193 | D:3      | Found a shimmering blue altar of Sif Muna.
  2441 | D:3      | Found a faded altar of an unknown god.
  2443 | D:3      | Became a worshipper of Zin the Law-Giver
  2443 | D:3      | Reached * piety under Zin
  2443 | D:3      | Reached ** piety under Zin
  2660 | D:4      | Found Sohoeneh's Food Emporium.
  2743 | D:4      | Noticed a phantom
  2754 | D:4      | Reached XP level 6. HP: 39/39 MP: 6/6
  2813 | D:4      | Killed a phantom
  2813 | D:4      | Reached skill level 1 in Invocations
  2973 | D:4      | Found Gozoatoh's Jewellery Shoppe.
  2974 | D:4      | Found Saexiest's Armour Boutique.
  2991 | D:4      | Bought a +2 cloak for 198 gold pieces
  3012 | D:4      | Reached *** piety under Zin
  3036 | D:4      | Reached skill level 5 in Shields
  3036 | D:4      | Reached XP level 7. HP: 35/44 MP: 6/8
  3097 | D:4      | Reached skill level 5 in Fighting
  3097 | D:4      | Reached skill level 5 in Armour
  3321 | D:4      | Found Lyegh's Jewellery Boutique.
  3458 | D:4      | Found Kafoqirgh's Antique Armour Shoppe.
  3474 | D:5      | Entered Level 5 of the Dungeon
  3655 | D:5      | Found a staircase to the Ecumenical Temple.
  3694 | D:5      | Reached **** piety under Zin
  3735 | D:5      | Found Fiomadd's Assorted Antiques.
  3740 | D:5      | Bought a scroll labeled OTOR BEIMYCLI for 20 gold pieces
  3740 | D:5      | Bought a scroll labeled TUAMETW LINT for 20 gold pieces
  3740 | D:5      | Bought a gluggy blue potion for 18 gold pieces
  3740 | D:5      | Bought a fizzy coppery potion for 18 gold pieces
  3740 | D:5      | Bought a scroll of identify for 40 gold pieces
  3872 | D:5      | Reached ***** piety under Zin
  4018 | D:6      | Found a sparkling altar of Nemelex Xobeh.
  4060 | D:6      | Reached XP level 8. HP: 50/50 MP: 10/10
  4135 | D:6      | Found a hide-covered altar of Uskayaw.
  4517 | D:6      | Noticed Blork the orc
  4567 | D:6      | Killed Blork the orc
  5353 | D:6      | Upgraded the game from 0.24.0-7-gb3623d2c88 to
                  | 0.24.0-10-g970556be89
  5495 | D:7      | Cast into level 1 of the Abyss (orc)
  5563 | Abyss:1  | Noticed a vampire
  5594 | Abyss:1  | Noticed a ynoxinul
  5629 | Abyss:1  | Killed a vampire
  5629 | Abyss:1  | Reached skill level 1 in Maces & Flails
  5643 | Abyss:1  | Killed a ynoxinul
  5643 | Abyss:1  | Reached XP level 9. HP: 54/56 MP: 12/12
  5644 | Abyss:1  | Noticed a deep elf sorcerer
  5682 | Abyss:1  | Noticed a smoke demon
  5713 | Abyss:1  | Killed a smoke demon
  5821 | Abyss:1  | Noticed a tentacled starspawn
  5823 | Abyss:1  | Noticed a starcursed mass
  5827 | D:7      | Escaped the Abyss
  5846 | D:8      | Splashed by a jelly's acid

Levels and vault maps discovered:
D:1:      erik_arrival_cave_to_civilisation [erik_arrival_cave_to_hall],
          layout_loops_corners
D:2:      layout_loops_cross, elyvilon_altar_4, uniq_terence
D:3:      layout_loops_ring, nicolae_overflow_hidden_temple,
          gammafunk_ghost_smash, chequers_ecumenical_altar_twisty, first_ration
D:4:      layout_basic, serial_shops, nicolae_shop_waterfront,
          kennysheep_little_box, shop, shop, shop, minmay_fractal_squares_5
D:5:      layout_rooms, minmay_temple_entry_grid, serial_shops, shop,
          serial_curves, eino_curves_02, eino_curves_02, grunt_ministairs_14,
          glass_columns_b, minmay_gold_behind_fungi,
          chequers_serial_rivers_small_3
D:6:      layout_basic, lemuel_crystal_altar, nemelex_xobeh_ov_fountains_minmay,
          uniq_blork_the_orc
D:7:      layout_rooms, basic_altar
D:8:      layout_rooms, erik_lair_dragon, uniq_pikel

Skill      XL: |  1  2  3  4  5  6  7  8  9 |
---------------+----------------------------+-----
Polearms       | 2 3 4 |  4.5
Shields        | 4 5 6 |  6.9
Fighting       | 4 5 6 |  6.8
Armour         | 4 5 6 |  6.8
Invocations    | 1 2 4 |  4.9
Maces & Flails | 1 2 |  2.4

Action                   |  1- 3 |  4- 6 |  7- 9 || total
-------------------------+-------+-------+-------++-------
Melee: Trident           |   117 |   155 |   356 ||   628
       Morningstar       |       |    55 |       ||    55
       Flail             |       |       |    42 ||    42
Invok: Recite            |       |       |    12 ||    12
Evoke: Wand              |       |       |     2 ||     2
  Use: Potion            |       |     2 |     3 ||     5
       Scroll            |       |     1 |    13 ||    14
 Stab: Confused          |       |       |     3 ||     3
       Invisible         |       |       |     2 ||     2
  Eat: Chunk             |     1 |     6 |     5 ||    12
       Ration            |       |       |     1 ||     1
Armor: Scale mail        |    43 |    71 |       ||   114
       Chain mail        |       |     5 |   200 ||   205
Dodge: Dodged            |    26 |    71 |   120 ||   217
Block: Shield            |    44 |    97 |   215 ||   356
